PA
MT. VERNON BULLS @ GWINNETT COUNTY BLACK CATS
05/03/2029
 
TOP OF THE 1ST
Mt. Vernon Bulls batting - Pitching for Gwinnett County Black Cats : RHP Rich Choquette
Pitching: RHP Rich Choquette
Batting: RHB Ken Gardner 0-0: Swinging Strike
0-1: Foul Ball, location: 2F
0-2: Ball
1-2: Ball
2-2: Foul Ball, location: 2F
2-2: Ball
3-2: Strikes out swinging
Batting: RHB Orlando Montejo 0-0: Ground out U3 (Groundball, 34)
Batting: RHB Chet Mathis 0-0: Swinging Strike
0-1: Swinging Strike
0-2: Strikes out swinging
Top of the 1st over - 0 runs, 0 hits, 0 errors, 0 left on base; Mt. Vernon 0 - Gwinnett County 0
BOTTOM OF THE 1ST
Gwinnett County Black Cats batting - Pitching for Mt. Vernon Bulls : RHP Joseph Barrier
Pitching: RHP Joseph Barrier
Batting: RHB Sidney Mackell 0-0: Ball
1-0: Foul Ball, location: 2F
1-1: Bunt for hit - play at first, batter OUT! 3-4
Batting: RHB Chang-lit Min 0-0: Called Strike
0-1: Ball
1-1: Foul Ball, location: 2F
1-2: TRIPLE (Groundball, 3L)
Batting: RHB Juan Pedraza 0-0: Ball
1-0: Ball
2-0: Called Strike
2-1: Ball
3-1: SINGLE (Line Drive, 9S)
Chang-lit Min scores
Batting: LHB Edgardo De Jesús 0-0: Ball
Throwing error on steal attempt, E2
Juan Pedraza to third
1-0: Called Strike
1-1: Foul Ball, location: 2F
1-2: Ball
2-2: Ball
3-2: Fly out, F8 (Flyball, 8LD)
Runner from 3rd tags up, SCORES, throw made
Batting: RHB Manuel Barrios 0-0: Called Strike
0-1: Ball
1-1: Ball
2-1: Ball
3-1: Base on Balls
Batting: RHB Luc Bartoli 0-0: Called Strike
0-1: Foul Ball, location: 2F
0-2: Foul Ball, location: 2F
0-2: Foul Ball, location: 2F
0-2: Fielders Choice at 2nd, 5-4 (Groundball, 56)
Bottom of the 1st over - 2 runs, 2 hits, 1 error, 1 left on base; Mt. Vernon 0 - Gwinnett County 2
TOP OF THE 2ND
Mt. Vernon Bulls batting - Pitching for Gwinnett County Black Cats : RHP Rich Choquette
Batting: RHB Dixon Snyder 0-0: Ball
1-0: Foul Ball, location: 2F
1-1: Foul Ball, location: 2F
1-2: Reached on error, E5 (Groundball, 5S)
Batting: LHB Bartolo Sierra 0-0: Ball
1-0: Called Strike
1-1: Swinging Strike
1-2: Strikes out looking
Batting: RHB Robby Arnold 0-0: Foul Ball, location: 2F
0-1: Ball
1-1: Swinging Strike
1-2: Strikes out swinging
Batting: RHB Ryan Robbins 0-0: Ball
1-0: Swinging Strike
1-1: Ball
2-1: Ground out 1-3 (Groundball, 13)
Top of the 2nd over - 0 runs, 0 hits, 1 error, 1 left on base; Mt. Vernon 0 - Gwinnett County 2
BOTTOM OF THE 2ND
Gwinnett County Black Cats batting - Pitching for Mt. Vernon Bulls : RHP Joseph Barrier
Batting: LHB Marvello Obra 0-0: Ball
1-0: Ball
2-0: Ball
3-0: Called Strike
3-1: Swinging Strike
3-2: Base on Balls
Batting: RHB Bill Wilson 0-0: Called Strike
0-1: Foul Ball, location: 2F
0-2: Fielders Choice at 2nd, 5-4 (Groundball, 56)
Batting: RHB Elder Sarrano 0-0: Called Strike
0-1: Swinging Strike
0-2: Ball
1-2: Ball
2-2: Strikes out swinging
Batting: RHB Sidney Mackell 0-0: Ball
1-0: Ball
2-0: Called Strike
2-1: Foul Ball, location: 2F
2-2: Ball
3-2: Ground out 6-3 (Groundball, 6)
Bottom of the 2nd over - 0 runs, 0 hits, 0 errors, 1 left on base; Mt. Vernon 0 - Gwinnett County 2
TOP OF THE 3RD
Mt. Vernon Bulls batting - Pitching for Gwinnett County Black Cats : RHP Rich Choquette
Batting: RHB Ben Hampton 0-0: Swinging Strike
0-1: Ball
1-1: SINGLE (Groundball, 56D)
Batting: SHB Toby Sutton 0-0: Called Strike
0-1: Fly out, F9 (Flyball, 9LM)
Batting: RHB Ken Gardner 0-0: Ball
1-0: Ball
2-0: Called Strike
2-1: Ball
3-1: SINGLE (Groundball, 34D)
Ben Hampton to second
Runner from 2nd tries for 3rd, SAFE, no throw
Batting: RHB Orlando Montejo 0-0: Called Strike
0-1: Ball
1-1: Foul Ball, location: 2F
1-2: Ball
Wild Pitch!
Ben Hampton scores
Ken Gardner to second
2-2: Strikes out swinging
Batting: RHB Chet Mathis 0-0: Ball
1-0: Ball
2-0: Foul Ball, location: 2F
2-1: Swinging Strike
2-2: Strikes out swinging
Top of the 3rd over - 1 run, 2 hits, 0 errors, 1 left on base; Mt. Vernon 1 - Gwinnett County 2
BOTTOM OF THE 3RD
Gwinnett County Black Cats batting - Pitching for Mt. Vernon Bulls : RHP Joseph Barrier
Batting: RHB Chang-lit Min 0-0: Ball
1-0: Swinging Strike
1-1: Ball
2-1: Foul Ball, location: 2F
2-2: Ball
3-2: Foul Ball, location: 2F
3-2: SINGLE (Line Drive, 8RS)
Batting: RHB Juan Pedraza 0-0: Ball
Chang-lit Min steals 2nd base
1-0: Swinging Strike
1-1: DOUBLE (Line Drive, 9LM)
Chang-lit Min scores
Batting: LHB Edgardo De Jesús 0-0: Called Strike
0-1: SINGLE (Groundball, 6D)
Juan Pedraza to third
Runner from 3rd tries for Home, SAFE, no throw
Batting: RHB Manuel Barrios 0-0: Called Strike
Edgardo De Jesús steals 2nd base
0-1: Fly out, F7 (Flyball, 7S)
Batting: RHB Luc Bartoli 0-0: Ball
1-0: Called Strike
1-1: Ball
2-1: Ground out U3 (Groundball, 3)
Edgardo De Jesús to third
Batting: LHB Marvello Obra 0-0: Ball
1-0: Ground out U3 (Groundball, 3L)
Bottom of the 3rd over - 2 runs, 3 hits, 0 errors, 1 left on base; Mt. Vernon 1 - Gwinnett County 4
TOP OF THE 4TH
Mt. Vernon Bulls batting - Pitching for Gwinnett County Black Cats : RHP Rich Choquette
Batting: RHB Dixon Snyder 0-0: Foul Ball, location: 2F
0-1: Ball
1-1: Called Strike
1-2: Strikes out swinging
Batting: LHB Bartolo Sierra 0-0: Called Strike
0-1: Ball
1-1: Called Strike
1-2: Strikes out swinging
Batting: RHB Robby Arnold 0-0: Ball
1-0: Called Strike
1-1: Ball
2-1: Foul Ball, location: 2F
2-2: Fly out, F7 (Flyball, 7LM)
Top of the 4th over - 0 runs, 0 hits, 0 errors, 0 left on base; Mt. Vernon 1 - Gwinnett County 4
BOTTOM OF THE 4TH
Gwinnett County Black Cats batting - Pitching for Mt. Vernon Bulls : RHP Joseph Barrier
Batting: RHB Bill Wilson 0-0: Ball
1-0: Swinging Strike
1-1: Fly out, F9 (Flyball, 89D)
Batting: RHB Elder Sarrano 0-0: SINGLE (Groundball, 56S) (infield hit)
Batting: RHB Sidney Mackell 0-0: Called Strike
0-1: Ball
1-1: Foul Ball, location: 2F
1-2: Foul Ball, location: 2F
1-2: Strikes out swinging
Batting: RHB Chang-lit Min 0-0: Called Strike
0-1: Ball
1-1: Ball
2-1: Ball
3-1: Base on Balls
Elder Sarrano to second
Batting: RHB Juan Pedraza 0-0: Called Strike
0-1: DOUBLE (Line Drive, 7D)
Elder Sarrano scores
Chang-lit Min to third
Batting: LHB Edgardo De Jesús 0-0: Swinging Strike
0-1: Ball
1-1: Ball
2-1: Fly out, F6 (Line Drive, 6)
Bottom of the 4th over - 1 run, 2 hits, 0 errors, 2 left on base; Mt. Vernon 1 - Gwinnett County 5
TOP OF THE 5TH
Mt. Vernon Bulls batting - Pitching for Gwinnett County Black Cats : RHP Rich Choquette
Batting: RHB Ryan Robbins 0-0: Called Strike
0-1: Foul Ball, location: 2F
0-2: Strikes out swinging
Batting: RHB Ben Hampton 0-0: Ball
1-0: Ball
2-0: Called Strike
2-1: Foul Ball, location: 2F
2-2: Ball
3-2: Foul Ball, location: 2F
3-2: Base on Balls
Batting: SHB Toby Sutton 0-0: Ball
1-0: Ground out 5-3 (Groundball, 56S)
Ben Hampton to second
Batting: RHB Ken Gardner 0-0: Called Strike
0-1: Ground out 5-3 (Groundball, 56)
Top of the 5th over - 0 runs, 0 hits, 0 errors, 1 left on base; Mt. Vernon 1 - Gwinnett County 5
BOTTOM OF THE 5TH
Gwinnett County Black Cats batting - Pitching for Mt. Vernon Bulls : RHP Joseph Barrier
Batting: RHB Manuel Barrios 0-0: Called Strike
0-1: Swinging Strike
0-2: Ground out 4-3 (Groundball, 4)
Batting: RHB Luc Bartoli 0-0: Called Strike
0-1: Foul Ball, location: 2F
0-2: Ball
1-2: Strikes out swinging
Batting: LHB Marvello Obra 0-0: Foul Ball, location: 2F
0-1: Called Strike
0-2: Strikes out looking
Bottom of the 5th over - 0 runs, 0 hits, 0 errors, 0 left on base; Mt. Vernon 1 - Gwinnett County 5
TOP OF THE 6TH
Mt. Vernon Bulls batting - Pitching for Gwinnett County Black Cats : RHP Rich Choquette
Batting: RHB Orlando Montejo 0-0: TRIPLE (Line Drive, 8LXD)
Batting: RHB Chet Mathis 0-0: Called Strike
0-1: Ball
1-1: Foul Ball, location: 2F
1-2: Strikes out swinging
Batting: RHB Dixon Snyder 0-0: Foul Ball, location: 2F
0-1: Foul Ball, location: 2F
0-2: Foul Ball, location: 2F
0-2: Ball
1-2: Ball
2-2: Ball
3-2: SINGLE (Groundball, 4M) (infield hit)
Orlando Montejo scores
Batting: LHB Bartolo Sierra 0-0: SINGLE (Groundball, 56) (infield hit)
Dixon Snyder to second
Batting: RHB Robby Arnold 0-0: Ball
1-0: Called Strike
1-1: Ball
2-1: SINGLE (Line Drive, 7LS)
Dixon Snyder to third
Bartolo Sierra to second
Batting: RHB Ryan Robbins 0-0: Called Strike
0-1: Ball
1-1: Ball
2-1: Called Strike
2-2: Foul Ball, location: 2F
2-2: Ball
3-2: Base on Balls
Dixon Snyder scores
Bartolo Sierra to third
Robby Arnold to second
Batting: RHB Ben Hampton 0-0: Ground out 6-3 (Groundball, 6M)
Bartolo Sierra scores
Robby Arnold to third
Ryan Robbins to second
Batting: SHB Toby Sutton 0-0: Called Strike
0-1: Ball
1-1: Foul Ball, location: 2F
1-2: Ball
2-2: Ball
3-2: Base on Balls
Batting: RHB Ken Gardner 0-0: Foul Ball, location: 2F
0-1: Ball
1-1: Fielders Choice at 2nd, 5-4 (Groundball, 56)
Top of the 6th over - 3 runs, 4 hits, 0 errors, 3 left on base; Mt. Vernon 4 - Gwinnett County 5
BOTTOM OF THE 6TH
Gwinnett County Black Cats batting - Pitching for Mt. Vernon Bulls : RHP Joseph Barrier
Batting: RHB Bill Wilson 0-0: DOUBLE (Line Drive, 78D)
Batting: RHB Elder Sarrano 0-0: Ball
1-0: Foul Ball, location: 2F
1-1: Hit by Pitch
Pitching: RHP Jorge Arboledo
Batting: RHB Sidney Mackell 0-0: Ball
1-0: Bunted foul
1-1: Bunt missed!
1-2: Foul Ball, location: 2F
1-2: Ball
2-2: Ball
3-2: Foul Ball, location: 2F
3-2: Base on Balls
Bill Wilson to third
Elder Sarrano to second
Batting: RHB Chang-lit Min 0-0: Called Strike
0-1: Foul Ball, location: 2F
0-2: Fly out, F9 (Line Drive, 9D)
Runner from 3rd tags up, SCORES, throw made
Batting: RHB Juan Pedraza 0-0: Ball
1-0: SINGLE (Groundball, 4) (infield hit)
Elder Sarrano to third
Sidney Mackell to second
Batting: LHB Edgardo De Jesús 0-0: Ball
1-0: SINGLE (Groundball, 6MD)
Elder Sarrano scores
Sidney Mackell to third
Juan Pedraza to second
Runner from 3rd tries for Home, SAFE, no throw
Batting: RHB Manuel Barrios 0-0: Called Strike
0-1: Foul Ball, location: 2F
0-2: Ball
1-2: Fly out, F8 (Flyball, 8RS)
Batting: RHB Luc Bartoli 0-0: Ball
1-0: Called Strike
1-1: Swinging Strike
1-2: Foul Ball, location: 2F
1-2: Ball
2-2: Foul Ball, location: 2F
2-2: Ground out 6-3 (Groundball, 6M)
Bottom of the 6th over - 3 runs, 3 hits, 0 errors, 2 left on base; Mt. Vernon 4 - Gwinnett County 8
TOP OF THE 7TH
Mt. Vernon Bulls batting - Pitching for Gwinnett County Black Cats : RHP Rich Choquette
Batting: RHB Orlando Montejo 0-0: Ball
1-0: Foul Ball, location: 2F
1-1: DOUBLE (Line Drive, 7D)
Batting: RHB Chet Mathis 0-0: Swinging Strike
0-1: Ball
1-1: Foul Ball, location: 2F
1-2: Fly out, F7 (Flyball, 78S)
Batting: RHB Dixon Snyder 0-0: Called Strike
0-1: Foul Ball, location: 2F
0-2: Foul Ball, location: 2F
0-2: Foul Ball, location: 2F
0-2: Ball
1-2: Ball
2-2: Ball
3-2: Foul Ball, location: 2F
3-2: Base on Balls
Pitching: RHP Mike Foley
Batting: LHB Bartolo Sierra 0-0: Fielders Choice at 2nd, 3-6 (Groundball, 34)
Orlando Montejo to third
Batting: RHB Robby Arnold 0-0: Swinging Strike
0-1: Ball
1-1: Ball
2-1: Fly out, F7 (Flyball, 7)
Top of the 7th over - 0 runs, 1 hit, 0 errors, 2 left on base; Mt. Vernon 4 - Gwinnett County 8
BOTTOM OF THE 7TH
Gwinnett County Black Cats batting - Pitching for Mt. Vernon Bulls : RHP Jorge Arboledo
Batting: LHB Marvello Obra 0-0: Called Strike
0-1: Called Strike
0-2: Strikes out swinging
Batting: RHB Bill Wilson 0-0: Called Strike
0-1: Swinging Strike
0-2: Strikes out swinging
Batting: RHB Elder Sarrano 0-0: Called Strike
0-1: Ball
1-1: Fly out, F8 (Flyball, 8RM)
Bottom of the 7th over - 0 runs, 0 hits, 0 errors, 0 left on base; Mt. Vernon 4 - Gwinnett County 8
TOP OF THE 8TH
Mt. Vernon Bulls batting - Pitching for Gwinnett County Black Cats : RHP Mike Foley
Batting: RHB Ryan Robbins 0-0: Called Strike
0-1: Swinging Strike
0-2: Ball
1-2: Strikes out swinging
Batting: RHB Ben Hampton 0-0: Foul Ball, location: 2F
0-1: Ball
1-1: Swinging Strike
1-2: Ball
2-2: Strikes out swinging
Batting: SHB Toby Sutton 0-0: SINGLE (Line Drive, 6D)
Batting: RHB Ken Gardner 0-0: Ball
1-0: Called Strike
1-1: Swinging Strike
1-2: Ball
2-2: Foul Ball, location: 2F
2-2: Ball
3-2: Base on Balls
Toby Sutton to second
Batting: RHB Orlando Montejo 0-0: Swinging Strike
0-1: Swinging Strike
0-2: Ball
1-2: Ball
2-2: Strikes out looking
Top of the 8th over - 0 runs, 1 hit, 0 errors, 2 left on base; Mt. Vernon 4 - Gwinnett County 8
BOTTOM OF THE 8TH
Gwinnett County Black Cats batting - Pitching for Mt. Vernon Bulls : RHP Jorge Arboledo
Batting: RHB Sidney Mackell 0-0: Foul Ball, location: 2F
0-1: Called Strike
0-2: Ball
1-2: Ground out 6-3 (Groundball, 6)
Batting: RHB Chang-lit Min 0-0: Ball
1-0: Ball
2-0: Ball
3-0: Called Strike
3-1: Fly out, F5 (Popup, 5SF)
Batting: RHB Juan Pedraza 0-0: Ball
1-0: Ball
2-0: Ball
3-0: Called Strike
3-1: Base on Balls
Batting: LHB Edgardo De Jesús 0-0: Called Strike
0-1: Fly out, F5 (Popup, 5F)
Bottom of the 8th over - 0 runs, 0 hits, 0 errors, 1 left on base; Mt. Vernon 4 - Gwinnett County 8
TOP OF THE 9TH
Mt. Vernon Bulls batting - Pitching for Gwinnett County Black Cats : RHP Mike Foley
Batting: RHB Chet Mathis 0-0: Ball
1-0: Ball
2-0: Called Strike
2-1: Ball
3-1: Base on Balls
Batting: RHB Dixon Snyder 0-0: SINGLE (Flyball, 8LS)
Chet Mathis to second
Pitching: RHP Ming-hoa Zhou
Batting: LHB Bartolo Sierra 0-0: Swinging Strike
0-1: TRIPLE (Flyball, 8LXD)
Chet Mathis scores
Dixon Snyder scores
Batting: RHB Robby Arnold 0-0: TRIPLE (Line Drive, 8RXD)
Bartolo Sierra scores
Pinch Hitting: LHB Pablo Morales 0-0: Foul Ball, location: 2F
0-1: Ball
1-1: Ball
2-1: Ball
3-1: Base on Balls
Pinch Hitting: RHB Rafael López 0-0: Ball
1-0: Called Strike
1-1: Swinging Strike
1-2: Ball
2-2: Foul Ball, location: 2F
2-2: Strikes out swinging
Pinch Hitting: RHB Beau Emery 0-0: Ball
1-0: Called Strike
1-1: Foul Ball, location: 2F
1-2: Ball
2-2: Ball
3-2: Strikes out looking
Batting: RHB Ken Gardner 0-0: Ball
1-0: Ball
2-0: Called Strike
2-1: Swinging Strike
2-2: Hit by Pitch
Pablo Morales to second
Batting: RHB Orlando Montejo 0-0: Foul Ball, location: 2F
0-1: Called Strike
0-2: Ball
1-2: Foul Ball, location: 2F
1-2: Ball
2-2: Ball
3-2: Foul Ball, location: 2F
3-2: Base on Balls
Robby Arnold scores
Pablo Morales to third
Ken Gardner to second
Batting: RHB Chet Mathis 0-0: Ball
1-0: Called Strike
1-1: Swinging Strike
1-2: Ball
2-2: Foul Ball, location: 2F
2-2: Ball
3-2: DOUBLE (Groundball, 5L)
Pablo Morales scores
Ken Gardner scores
Orlando Montejo to third
Orlando Montejo scores
Pitching: RHP Francisco Medrano
Batting: RHB Dixon Snyder 0-0: Called Strike
0-1: Ball
1-1: Foul Ball, location: 2F
1-2: Strikes out looking
Top of the 9th over - 7 runs, 4 hits, 0 errors, 1 left on base; Mt. Vernon 11 - Gwinnett County 8
BOTTOM OF THE 9TH
Gwinnett County Black Cats batting - Pitching for Mt. Vernon Bulls : RHP Jorge Arboledo
Pitching: RHP Jeffery Prosser
Now at 2B: Beau Emery
Now at SS: Rodrigo Chávez
Now in RF: Pablo Morales
Batting: RHB Manuel Barrios 0-0: Ball
1-0: Ground out 6-3 (Groundball, 6)
Batting: RHB Luc Bartoli 0-0: Called Strike
0-1: SINGLE (Line Drive, 7LS)
Batting: LHB Marvello Obra 0-0: Foul Ball, location: 2F
0-1: Ball
1-1: Called Strike
1-2: Ball
2-2: Strikes out swinging
Batting: RHB Bill Wilson 0-0: Ball
1-0: Called Strike
1-1: Ball
2-1: Fly out, F8 (Flyball, 8RS)
Bottom of the 9th over - 0 runs, 1 hit, 0 errors, 1 left on base; Mt. Vernon 11 - Gwinnett County 8
Tuesday, December 19th, 2017 - OOTP Baseball 18.8 Build 76